 Dungeon Crawl Stone Soup version 0.31.0-32-g396128a36d (webtiles) character file.

Game seed: 3438475958809756266

111 Tovical the Cudgeller (level 4, -1/42 HPs)
             Began as a Gargoyle Fighter on Mar 17, 2024.
             Slain by an iguana (8 damage)
             ... on level 3 of the Dungeon.
             The game lasted 00:05:31 (1564 turns).

Tovical the Cudgeller (Gargoyle Fighter)            Turns: 1564, Time: 00:05:31

Health: -1/42      AC: 22    Str: 20    XL:     4   Next: 92%
Magic:  4/4        EV:  2    Int: 10    God:
Gold:   63         SH:  4    Dex:  9    Spells: 3/3 levels left

rFire   . . .        a - +0 mace
rCold   . . .        c - +0 buckler
rNeg    + . .        p - melded +3 chain mail "Uhya" {rElec}
rPois   ∞            (helmet currently unavailable)
rElec   .            (cloak currently unavailable)
rCorr   .            (gloves currently unavailable)
SInv    .            (boots currently unavailable)
Will    .....        (no amulet)
Stlth   +            e - +5 ring of evasion
HPRegen 0.27/turn    (no ring)
MPRegen 0.09/turn

%: no passive effects
@: tree-form
A: stationary, stasis, torment immunity, boosted hp, sickness immunity, AC +3,
negative energy resistance 1, (electricity resistance), torment resistance 1,
petrification resistance
a: no special abilities


You were on level 3 of the Dungeon.
You were a tree.
You visited 1 branch of the dungeon, and saw 4 of its levels.

You collected 63 gold pieces.

Inventory:

Hand Weapons
 a - a +0 mace (weapon)
 b - a +0 sling
 n - a +0 flail
Missiles
 h - 14 stones (quivered)
Armour
 c - a +0 buckler (worn)
 p - the +3 chain mail "Uhya" (melded) {rElec}
   (You found it on level 4 of the Dungeon)

   rElec:     It insulates you from electricity.
Jewellery
 e - a +5 ring of evasion (left branch)
Scrolls
 f - 2 scrolls of teleportation {unknown}
 k - 3 scrolls of identify {unknown}
 l - a scroll of enchant armour {unknown}
Potions
 d - a potion of might
 i - a potion of cancellation {unknown}
 j - 2 potions of lignification
 m - a potion of resistance {unknown}
 o - a potion of curing {unknown}


   Skills:
 - Level 3.2 Fighting
 + Level 4.9 Maces & Flails
 - Level 3.2 Armour
 - Level 3.2 Shields


You had 3 spell levels left.
You didn't know any spells.
Your spell library contained the following spells:

 Spells                   Type           Power      Damage    Failure   Level
 Kiss of Death            Conj/Necr      0%         2d5       43%         1
 Confusing Touch          Hex            0%         N/A       80%         3
 Dispel Undead            Necr           0%         3d6       99%         4


Dungeon Overview and Level Annotations

Branches:
Dungeon (4/15)
 Temple: D:4-7

Altars:
Ru

Annotations:
D:2 Sigmund


Innate Abilities, Weirdness & Mutations

You are a tree.
Your roots penetrate the ground, keeping you stationary.
You cannot be teleported.
You are immune to unholy pain and torment.
Your maximum health is greatly increased.
Your equipment is partially melded.
You are immune to sickness and miasma.
((Your stone body is resilient. (AC +3)))
You are immune to poison.
You resist negative energy. (rN+)
((You are resistant to electric shocks. (rElec)))
You are resistant to unholy torment.
You are immune to petrification.


Message History

Found a stone staircase leading up.
Press: ? - help, v - describe, . - travel, g - get item Item here: a whip.
The floor.
An iguana comes into view.
The iguana hisses angrily.
b - a +0 sling (weapon)
You shoot a sling bullet.
The sling bullet hits the iguana but does no damage.
You shoot a sling bullet.
The sling bullet hits the iguana but does no damage.
a - a +0 mace (weapon)
Okay, then.
You hit the iguana but do no damage. The iguana completely misses you.
You closely miss the iguana. The iguana bites you! The iguana bites you.
You barely miss the iguana. The iguana bites you!
* * * LOW HITPOINT WARNING * * *
You are too injured to fight recklessly!
Okay, then.
It was a potion of lignification.
You turn into a tree.
The +3 chain mail "Uhya" {rElec} melds into your body.
Your roots penetrate the ground.
The iguana bites you but does no damage.
You hit the iguana.
The iguana is moderately wounded.
The iguana bites you but does no damage.
You completely miss the iguana.
The iguana is moderately wounded.
The iguana bites you.
* * * LOW HITPOINT WARNING * * *
You sock the iguana!
The iguana is almost dead.
The iguana bites you but does no damage. x2
You hit the iguana but do no damage.
The iguana is almost dead.
The iguana bites you but does no damage.
You hit the iguana.
The iguana is almost dead.
The iguana bites you!
You die...

..........# #..# ....#
#..# # ... #... .###
#####.# ####.##
....##.).#.######...[.)
#................#.##
#.......#........#.#
#.......#........#.##
#..l♣...##.......#...
#.......##.......####
......?...###.......#
...####.###
###.######## ## #.#
####......... #<#
#........#### ###
#.........###
#.......#....
#............


You could see an iguana.

Vanquished Creatures
  An iguana (D:3)
  Natasha (D:2)
  An adder (D:3)
  3 dart slugs
  An orc (D:3)
  6 endoplasms
  5 goblins (D:1)
  6 hobgoblins
  4 kobolds
  3 ball pythons (D:3)
  4 bats
  3 frilled lizards
  2 rats (D:1)
40 creatures vanquished.

Notes
Turn   | Place    | Note
-------+----------+-------------------------------------------
     0 | D:1      | Tovical the Gargoyle Fighter began the quest for the Orb.
     0 | D:1      | Reached XP level 1. HP: 14/14 MP: 1/1
   146 | D:1      | Reached XP level 2. HP: 9/19 MP: 2/2
   192 | D:2      | Found a sacrificial altar of Ru.
   266 | D:1      | Reached skill level 3 in Maces & Flails
   700 | D:1      | Reached XP level 3. HP: 23/23 MP: 3/3
   827 | D:2      | Noticed Natasha
   837 | D:2      | Killed Natasha
   838 | D:2      | Reached skill level 4 in Maces & Flails
   910 | D:2      | Noticed Sigmund
   972 | D:3      | Reached XP level 4. HP: 24/28 MP: 4/4
  1472 | D:4      | Identified the +3 chain mail "Uhya" {rElec}
  1564 | D:3      | Slain by an iguana

Illustrated notes

Levels and vault maps discovered:
D:1:      dpeg_arrival_line_fractal, layout_basic
D:2:      layout_basic, basic_altar, minmay_misc_feat_encased, uniq_sigmund,
          uniq_natasha
D:3:      layout_basic
D:4:      layout_cave_pools, nzn_wu_jian_council_hall,
          ebering_ghost_disaster_area, serial_glass, glass_columns_c,
          glass_columns_b, minmay_manual_mess

Skill      XL: |  1  2  3 |
---------------+----------+-----
Maces & Flails | 3 4 |  4.9
Fighting       | |  3.2
Armour         | |  3.2
Shields        | |  3.2

Action                     |  1- 3 |  4- 6 || total
---------------------------+-------+-------++-------
  Melee: Flail             |    70 |    33 ||   103
         Mace              |       |    52 ||    52
   Fire: Sling             |     3 |     4 ||     7
    Use: Potion            |       |     1 ||     1
 Armour: Scale mail        |    28 |    31 ||    59
         Skin              |       |     7 ||     7
         Chain mail        |       |     3 ||     3
  Dodge: Dodged            |    47 |    56 ||   103
  Block: Buckler           |    10 |    13 ||    23
